 Dungeon Crawl Stone Soup version 0.18-a0-1243-g9e52518 (webtiles) character file.

387 epollo the Magician (level 6, -1/30 HPs)
             Began as a Spriggan Earth Elementalist on Feb 5, 2016.
             Was a Follower of Vehumet.
             Killed from afar by Terence (6 damage)
             ... with a wand of flame
             ... on level 3 of the Dungeon.
             The game lasted 00:14:06 (3045 turns).

epollo the Magician (Spriggan Earth Elementalist)   Turns: 3045, Time: 00:14:06

Health: -1/30      AC:  8    Str:  4    XL:     6   Next: 49%
Magic:  3/14       EV: 19    Int: 18    God:    Vehumet [*.....]
Gold:   184        SH:  0    Dex: 17    Spells: 3 memorised, 8 levels left

rFire  . . .     SeeInvis +     b - 108 stones
rCold  . . .     Gourm    .     u - +2 robe {MR+}
rNeg   . . .     Faith    .     (shield restricted)
rPois  .         Spirit   .     (helmet restricted)
rElec  .         Dismiss  .     n - +0 cloak
rCorr  .         Reflect  .     (gloves unavailable)
SustAt .         Harm     .     (boots unavailable)
MR     ++...                    (no amulet)
Stlth  +++.......               (no ring)
                                x - +3 ring of protection

@: very quick, very resistant to hostile enchantments, fairly stealthy
A: unfitting armour, see invisible, herbivore 3, speed 3, slow metabolism 2
a: Renounce Religion


You were on level 3 of the Dungeon.
You worshipped Vehumet.
Vehumet was aware of your devotion.
You were not hungry.

You visited 2 branches of the dungeon, and saw 6 of its levels.

You collected 184 gold pieces.

Inventory:

Hand Weapons
 w - a +0 club
Missiles
 b - 108 stones (in hand)
Armour
 n - a +0 cloak (worn)
 u - a +2 robe of magic resistance (worn)
Magical Staves
 a - an uncursed staff of wizardry
Jewellery
 i - an uncursed ring of flight
 x - a +3 ring of protection (left hand)
Scrolls
 j - a scroll of identify
 k - a scroll of teleportation {unknown}
 l - 2 scrolls of remove curse
 o - a scroll of immolation {unknown}
 q - 2 scrolls of magic mapping
Potions
 e - 2 potions of mutation {unknown}
 f - 2 potions of might {unknown}
 g - 2 potions of magic {unknown}
 h - 2 potions of curing {unknown}
 m - a potion of lignification {unknown}
 p - a potion of flight {unknown}
Books
 c - a book of Geomancy

   Spells                             Type                      Level
   a - Sandblast                      Earth                        1
   b - Passwall                       Transmutation/Earth          2
   c - Stone Arrow                    Conjuration/Earth            3
   d - Petrify                        Transmutation/Earth          4
   e - Lee's Rapid Deconstruction     Earth                        5
Comestibles
 d - 3 bread rations
 r - a slice of pizza
 s - a royal jelly


   Skills:
 * Level 2.0 Fighting
 + Level 3.6 Dodging
 + Level 3.2 Stealth
 + Level 5.1 Spellcasting
 + Level 0.1 Conjurations
   Level 1.3 Transmutations
 + Level 4.6 Earth Magic
 * Level 1.3 Poison Magic


You had 8 spell levels left.
You knew the following spells:

 Your Spells              Type           Power        Failure   Level  Hunger
a - Sandblast             Erth           ###...       1%          1    None
b - Sting                 Conj/Pois      #...         12%         1    None
c - Lee's Rapid Deconstr  Erth           ###.......   67%         5    ######.


Dungeon Overview and Level Annotations

Branches:
Dungeon (5/15)             Temple (1/1) D:4

Altars:
Ashenzari
Elyvilon
Gozag
Kikubaaqudgha
Makhleb
Okawaru
Pakellas
Qazlal
Trog
Vehumet
Yredelemnul
The Shining One

Annotations:
D:3 Terence


Innate Abilities, Weirdness & Mutations

You are tiny and cannot use many weapons and most armour.
You have supernaturally acute eyesight.
You are a herbivore.
You cover ground extremely quickly.
You need consume almost no food.


Message History

Terence is heavily wounded.
Terence zaps a wand.
The puff of flame hits you!
Casting: Sandblast
Confirm with . or Enter, or press ? or * to list all spells.
Aiming: Sandblast
Press: ? - help, Shift-Dir - straight line, f/p - Terence
Aim: Terence, wielding a short sword, wearing a chain mail and carrying a wand of flame {zapped: 7} (heavily wounded)
The rocky blast hits Terence.
Terence is heavily wounded.
Casting: Sandblast
Confirm with . or Enter, or press ? or * to list all spells.
Aiming: Sandblast
Press: ? - help, Shift-Dir - straight line, f/p - Terence
Aim: Terence, wielding a short sword, wearing a chain mail and carrying a wand of flame {zapped: 7} (heavily wounded)
The rocky blast hits Terence.
Terence is heavily wounded.
Terence zaps a wand.
The puff of flame hits you!
* * * LOW HITPOINT WARNING * * *
Terence zaps a wand.
The puff of flame hits you!
You die...

...##..........#.# ##.##
#####.........##.# #...#
#####......##.##.# #...# .
.................# #...# .#
.<.....##..#...######...##.##
.......##)#...#.#...@.......#
..#......###.................
..^.....## ##.##............#
.......#)###.###@####...##(...
.....^...)#..##.## #...# ####
##########.#...## #...#
#.##### #...#######
#########.### ####........#
#.......#...## #.......###.#
#.##......#..# #.#####.###.#
##.##.##.####'## .. ####<#...#
......##.# #...##. #......#.#


You could see Terence.

Vanquished Creatures
  Sigmund (D:2)
  An ogre (D:4)
  An orc wizard (D:3)
  6 adders
  An ooze (D:2)
  2 worms (D:2)
  2 giant geckos
  2 orcs (D:3)
  A ball python (D:4)
  7 bats
  A giant cockroach (D:1)
  4 goblins
  4 hobgoblins
  11 jackals
  A quokka (D:2)
  10 giant newts
  A jackal skeleton (D:3)
  3 kobolds (D:2)
  5 rats
64 creatures vanquished.

Notes
Turn   | Place    | Note
--------------------------------------------------------------
     0 | D:1      | epollo the Spriggan Earth Elementalist began the quest for the Orb.
     0 | D:1      | Reached XP level 1. HP: 9/9 MP: 5/5
   163 | D:2      | Reached XP level 2. HP: 11/13 MP: 2/7
   368 | D:4      | Noticed an ogre
   384 | D:4      | Killed an ogre
   384 | D:4      | Reached skill level 1 in Fighting
   384 | D:4      | Reached XP level 3. HP: 18/18 MP: 2/9
   384 | D:4      | Reached XP level 4. HP: 22/22 MP: 2/10
   520 | D:5      | Entered Level 5 of the Dungeon
   552 | D:4      | Found a staircase to the Ecumenical Temple.
   563 | Temple   | Entered the Ecumenical Temple
   733 | Temple   | Became a worshipper of Vehumet
   982 | D:1      | Reached skill level 4 in Spellcasting
  1671 | D:2      | Reached XP level 5. HP: 25/25 MP: 5/12
  1783 | D:2      | Reached * piety under Vehumet
  1783 | D:2      | Offered knowledge of Sting by Vehumet.
  1843 | D:2      | Learned a level 1 spell: Sting
  1849 | D:2      | Learned a level 5 spell: Lee's Rapid Deconstruction
  1914 | D:2      | Noticed Sigmund
  1940 | D:2      | Killed Sigmund
  1940 | D:2      | Reached skill level 5 in Spellcasting
  1940 | D:2      | Reached XP level 6. HP: 11/30 MP: 3/14
  2579 | D:2      | Reached skill level 1 in Poison Magic
  2584 | D:2      | Found a stormy altar of Qazlal.
  2960 | D:3      | Found a glowing golden altar of the Shining One.
  3015 | D:3      | Noticed Terence
  3045 | D:3      | Killed from afar by Terence

Vault maps used:
D:1:      dpeg_arrival_lava_temple_mockup, minmay_lizard_king
D:2:      nicolae_qazlal_eye_of_the_storm, minmay_misc_feat_doors, uniq_sigmund
D:3:      nicolae_tso_swordbearing_angel, uniq_jessica, uniq_terence
D:4:      temple_fountains
D:5:      gammafunk_temple_overflow_elements, first_bread
Temple:   roderic_octagonal_lattice_temple

Action                   |  1- 3 |  4- 6 || total
-------------------------+-------+-------++-------
Melee: Club              |     7 |     2 ||     9
 Cast: Sandblast         |    18 |    97 ||   115
       Sting             |       |    50 ||    50
  Use: Scroll            |       |     7 ||     7
